Blues vs Blackhawks

Created - Wednesday, December 03, 2014 at 20:08

Goals
1 2 3 T
Blues 0 1 1 2
Blackhawks 1 0 0 1
Shots
1 2 3 T
Blues 8 14 10 32
Blackhawks 7 6 7 20

1st period

1. Blackhawks , Brooks Laich 1 (Jan Hejda, Andrew Shaw) at 14:59

Penalties :
Dustin Byfuglien (Chi) for Hooking (Minor) at 0:58, Bryan Allen (StL) for Delaying the game (Minor) at 4:29, Zdeno Chara (StL) for Holding (Minor) at 16:41, Martin Hanzal (Chi) for Hooking (Minor) at 19:44

2nd period

2. Blues , Anders Lee 6 (Johan Franzen, Tomas Tatar) at 3:01 (PP)

Penalties :
Dustin Byfuglien (Chi) for Hooking (Minor) at 2:30, Martin Hanzal (Chi) for Delaying the game (Minor) at 7:19, Brooks Laich (Chi) for Tripping (Minor) at 16:22, Zdeno Chara (StL) for Roughing (Minor) at 18:02

3rd period

3. Blues , Brandon Saad 5 (Sean Couturier, Josh Gorges) at 6:36 (PP)

Penalties :
PA Parenteau (Chi) for High sticking (Minor) at 6:22, Justin Braun (Chi) for Roughing (Minor) at 7:09, Johan Franzen (StL) for Tripping (Minor) at 16:11, Bryan Allen (StL) for Hooking (Minor) at 18:11

Goalie Stats

Frederik Andersen (StL), 19 saves from 20 shots - (0.950), W, 1-1-0, 60:00 minutes
Anton Khudobin (Chi), 30 saves from 32 shots - (0.938), L, 6-7-1, 59:07 minutes

Players Stats for Blues

Player Name              G  A  P  +/- PIM S  H  SB GA TA FO     MP     PP MP  PK MP  
------------------------------------------------------------------------------------
Anders Lee               1  0  1   0  0   2  1  0  0  0  3/7    10:29   5:21   0:04 
Andrew Desjardins        0  0  0   0  0   0  1  0  1  0  1/2     6:53   0:00   1:13 
Artem Anisimov           0  0  0   0  0   3  1  0  1  0  0/0    11:28   0:00   0:00 
Brandon Saad             1  0  1  -1  0   6  1  1  3  0  0/1    22:31   5:00   4:47 
Bryan Allen              0  0  0   0  4   0  0  1  0  1  0/0    19:36   0:00   3:22 
Cam Atkinson             0  0  0   0  0   3  0  0  1  1  0/0    11:28   0:00   0:00 
Hampus Lindholm          0  0  0   0  0   1  1  0  1  0  0/0     9:34   5:36   0:00 
Joe Vitale               0  0  0   0  0   1  0  0  2  0  7/16   17:02   0:00   4:24 
Johan Franzen            0  1  1   0  2   2  1  0  5  0  3/3    20:13   5:21   3:35 
Josh Gorges              0  1  1  -1  0   1  3  2  0  3  0/0    26:48   4:45   7:28 
Kevan Miller             0  0  0  -1  0   2  2  0  0  0  0/0    15:39   0:00   3:09 
Mark Fayne               0  0  0   0  0   0  0  0  0  2  0/0     9:49   0:00   0:00 
Matt Donovan             0  0  0   0  0   1  1  1  0  0  0/0    18:05   5:36   1:17 
Rick Nash                0  0  0  -1  0   3  2  0  4  0  0/2    17:43   5:00   0:00 
Sean Couturier           0  1  1   0  0   5  3  0  4  0  7/18   20:14   5:00   4:47 
Steve Ott                0  0  0  -1  0   0  3  1  0  0  6/9    11:10   0:00   0:00 
Tomas Tatar              0  1  1   0  0   1  1  0  4  0  0/0    18:59   5:21   0:00 
Zdeno Chara              0  0  0   0  4   1  2  3  0  3  0/0    22:30   4:44   3:34 

Players Stats for Blackhawks

Player Name              G  A  P  +/- PIM S  H  SB GA TA FO     MP     PP MP  PK MP  
------------------------------------------------------------------------------------
Andrew Shaw              0  1  1   1  0   1  0  1  0  0  2/7     9:28   0:00   0:00 
Brock Nelson             0  0  0   0  0   0  2  0  0  0  0/0    10:42   0:00   0:00 
Brooks Laich             1  0  1   1  2   1  0  1  4  1  4/8    14:41   0:28   4:13 
Cal Clutterbuck          0  0  0   1  0   1  1  0  0  0  0/1     9:28   0:00   0:00 
Curtis Glencross         0  0  0   0  0   3  1  0  0  1  0/0    14:21   4:59   0:00 
David Backes             0  0  0   0  0   3  1  0  2  1  7/10   14:06   4:26   0:52 
Dustin Byfuglien         0  0  0   0  4   1  3  0  0  2  0/0    19:28   4:39   0:00 
Jan Hejda                0  1  1   0  0   1  0  1  0  2  0/0    15:35   1:03   1:34 
Jaromir Jagr             0  0  0   0  0   3  0  1  1  0  1/2    19:51   4:26   5:16 
Jeff Carter              0  0  0   0  0   0  3  0  3  1  9/13   19:51   4:26   5:16 
Jordie Benn              0  0  0   1  0   0  0  1  0  2  0/0    19:51   0:00   5:04 
Justin Braun             0  0  0   0  2   0  1  0  0  2  0/0    20:17   4:46   3:43 
Martin Hanzal            0  0  0   0  4   3  2  0  2  2  8/16   16:36   4:59   0:00 
Michael Del Zotto        0  0  0   0  0   0  3  1  0  1  0/0    22:04   4:39   5:17 
PA Parenteau             0  0  0   0  2   2  0  0  0  0  0/0     8:27   0:00   0:00 
Ryan Callahan            0  0  0   0  0   1  2  0  3  1  0/1    21:26   4:31   5:05 
Torey Krug               0  0  0   1  0   0  1  1  2  0  0/0    23:55   3:43   5:04 
Tyler Toffoli            0  0  0   0  0   0  1  1  0  2  0/0     9:06   0:00   0:00 

3 Stars

1 - Frederik Andersen (StL)
2 - Anton Khudobin (Chi)
3 - Anders Lee (StL)

Power Play

Blues - 2 on 7 Attempt(s) - 28.57%
Blackhawks - 0 on 5 Attempt(s) - 0.00%

Penalty Kill

Blues - 5 on 5 Attempt(s) - 100.00% - Score 0 goal in Penalty Kill
Blackhawks - 5 on 7 Attempt(s) - 71.43% - Score 0 goal in Penalty Kill

Official

Referees : Unknown
Linesman : Unknown

Game Notes

No Game Note

Finance

Level 1 -- Attendance: 5441 (90.68%) -- Ticket Income $462,485
Level 2 -- Attendance: 5000 (100.00%) -- Ticket Income $275,000
Level 3 -- Attendance: 2000 (100.00%) -- Ticket Income $60,000
Level 4 -- Attendance: 3518 (87.95%) -- Ticket Income $63,324
Luxury Box -- Attendance: 890 (89.00%) -- Ticket Income $160,200
Game was played at the United Center
Total Attendance: 16849 (93.61%)
Total Ticket Income: $1,021,009
Other Income: $500,294
Total Income: $1,521,303

Blues

5 vs 5 Forward 
   Center                   Left Wing                Right Wing               Time % Phy DF OF 
 1 Sean Couturier           Tomas Tatar              Johan Franzen            35     1   1  3  
 2 Steve Ott                Brandon Saad             Rick Nash                32     1   1  3  
 3 Joe Vitale               Artem Anisimov           Cam Atkinson             21     1   3  1  
 4 Andrew Desjardins        Anders Lee               Tomas Tatar              12     1   3  1  

5 vs 5 Defense 
   Defense                  Defense                                           Time % Phy DF OF 
 1 Zdeno Chara              Bryan Allen                                       35     1   3  1  
 2 Kevan Miller             Josh Gorges                                       32     1   3  1  
 3 Mark Fayne               Matt Donovan                                      21     1   3  1  
 4 Bryan Allen              Hampus Lindholm                                   12     1   3  1  

PowerPlay Forward 
   Center                   Left Wing                Right Wing               Time % Phy DF OF 
 1 Sean Couturier           Brandon Saad             Rick Nash                50     1   1  3  
 2 Anders Lee               Johan Franzen            Tomas Tatar              50     1   1  3  

PowerPlay Defense
   Defense                  Defense                                           Time % Phy DF OF 
 1 Zdeno Chara              Josh Gorges                                       50     1   1  3  
 2 Hampus Lindholm          Matt Donovan                                      50     1   1  3  

Penalty Kill 4 Players Forward 
   Center                   Wing                     Time % Phy DF OF 
 1 Sean Couturier           Brandon Saad             50     1   3  1  
 2 Joe Vitale               Johan Franzen            50     1   3  1  

Penalty Kill 4 Players Defense
   Defense                  Defense                  Time % Phy DF OF 
 1 Zdeno Chara              Bryan Allen              50     1   3  1  
 2 Josh Gorges              Kevan Miller             50     1   3  1  

Penalty Kill - 3 Players Forward 
   Forward                                           Time % Phy DF OF 
 1 Sean Couturier                                    50     1   4  0  
 2 Artem Anisimov                                    50     1   4  0  

Penalty Kill - 3 Players Defense
   Defense                  Defense                  Time % Phy DF OF 
 1 Zdeno Chara              Bryan Allen              50     1   4  0  
 2 Josh Gorges              Kevan Miller             50     1   4  0  

4 vs 4 Forward 
   Center                   Wing                     Time % Phy DF OF 
 1 Sean Couturier           Rick Nash                50     1   3  1  
 2 Johan Franzen            Anders Lee               50     1   3  1  

4 vs 4 Defense
   Defense                  Defense                  Time % Phy DF OF 
 1 Zdeno Chara              Josh Gorges              50     1   3  1  
 2 Matt Donovan             Bryan Allen              50     1   3  1  

Last Minutes Offensive
   Center                   Left Wing                Right Wing               Defense                  Defense                  
   Sean Couturier           Brandon Saad             Rick Nash                Zdeno Chara              Josh Gorges              

Last Minutes Defensive
   Center                   Left Wing                Right Wing               Defense                  Defense                  
   Sean Couturier           Steve Ott                Rick Nash                Zdeno Chara              Josh Gorges              

Goaltenders
Starting : Frederik Andersen        
Backup : Henrik Lundqvist         

Extra Forwards
Normal : Tomas Tatar, Cam Atkinson, Andrew Desjardins - PP : Tomas Tatar, Cam Atkinson - PK : Andrew Desjardins
Extra Defensemen
Normal : Kevan Miller, Bryan Allen, Josh Gorges - PP : Kevan Miller - PK : Zdeno Chara, Josh Gorges
Penalty Shots
Sean Couturier, Steve Ott, Rick Nash, Johan Franzen, Artem Anisimov

Blackhawks

5 vs 5 Forward 
   Center                   Left Wing                Right Wing               Time % Phy DF OF 
 1 David Backes             Curtis Glencross         PA Parenteau             25     0   2  3  
 2 Andrew Shaw              Brooks Laich             Cal Clutterbuck          25     2   2  1  
 3 Martin Hanzal            Brock Nelson             Ryan Callahan            25     1   2  2  
 4 Jeff Carter              Tyler Toffoli            Jaromir Jagr             25     0   2  3  

5 vs 5 Defense 
   Defense                  Defense                                           Time % Phy DF OF 
 1 Jan Hejda                Justin Braun                                      30     1   2  2  
 2 Michael Del Zotto        Dustin Byfuglien                                  30     1   2  2  
 3 Torey Krug               Jordie Benn                                       30     1   2  2  
 4 Jan Hejda                Dustin Byfuglien                                  10     1   2  2  

PowerPlay Forward 
   Center                   Left Wing                Right Wing               Time % Phy DF OF 
 1 Martin Hanzal            Curtis Glencross         Ryan Callahan            50     0   1  4  
 2 David Backes             Jaromir Jagr             Jeff Carter              50     0   1  4  

PowerPlay Defense
   Defense                  Defense                                           Time % Phy DF OF 
 1 Torey Krug               Justin Braun                                      50     0   2  3  
 2 Michael Del Zotto        Dustin Byfuglien                                  50     0   2  3  

Penalty Kill 4 Players Forward 
   Center                   Wing                     Time % Phy DF OF 
 1 Brooks Laich             Ryan Callahan            50     1   3  1  
 2 Jeff Carter              Jaromir Jagr             50     1   3  1  

Penalty Kill 4 Players Defense
   Defense                  Defense                  Time % Phy DF OF 
 1 Torey Krug               Jordie Benn              50     2   3  0  
 2 Michael Del Zotto        Justin Braun             50     2   3  0  

Penalty Kill - 3 Players Forward 
   Forward                                           Time % Phy DF OF 
 1 Ryan Callahan                                     50     1   4  0  
 2 Brooks Laich                                      50     1   4  0  

Penalty Kill - 3 Players Defense
   Defense                  Defense                  Time % Phy DF OF 
 1 Torey Krug               Jordie Benn              50     1   4  0  
 2 Michael Del Zotto        Justin Braun             50     1   4  0  

4 vs 4 Forward 
   Center                   Wing                     Time % Phy DF OF 
 1 David Backes             Jeff Carter              50     0   2  3  
 2 Martin Hanzal            Curtis Glencross         50     0   2  3  

4 vs 4 Defense
   Defense                  Defense                  Time % Phy DF OF 
 1 Jan Hejda                Justin Braun             50     1   2  2  
 2 Torey Krug               Jordie Benn              50     1   2  2  

Last Minutes Offensive
   Center                   Left Wing                Right Wing               Defense                  Defense                  
   David Backes             Jaromir Jagr             Jeff Carter              Torey Krug               Dustin Byfuglien         

Last Minutes Defensive
   Center                   Left Wing                Right Wing               Defense                  Defense                  
   David Backes             Brooks Laich             Ryan Callahan            Jan Hejda                Justin Braun             

Goaltenders
Starting : Anton Khudobin           
Backup : Craig Anderson           

Extra Forwards
Normal : Ryan Callahan, Jeff Carter, David Backes - PP : Ryan Callahan, PA Parenteau - PK : David Backes
Extra Defensemen
Normal : Dustin Byfuglien, Torey Krug, Michael Del Zotto - PP : Dustin Byfuglien - PK : Justin Braun, Jan Hejda
Penalty Shots
Brooks Laich, PA Parenteau, Jeff Carter, Ryan Callahan, Jaromir Jagr

% Time on Ice - Blues

Lines # - Real PCT - Wanted PCT - Time Play
Normal Forward
1 - 26% - 35% - 10:27
2 - 33% - 32% - 13:15
3 - 29% - 21% - 11:28
4 - 12% - 12% - 4:45
Normal Defense
1 - 34% - 35% - 13:38
2 - 33% - 32% - 12:59
3 - 25% - 21% - 9:49
4 - 9% - 12% - 3:29
PP Forward
1 - 48% - 50% - 5:00
2 - 52% - 50% - 5:21
PP Defense
1 - 46% - 50% - 4:45
2 - 54% - 50% - 5:36
PK Forward
1 - 51% - 50% - 4:47
2 - 49% - 50% - 4:38
PK Defense
1 - 59% - 50% - 5:33
2 - 41% - 50% - 3:52
PK3 Forward
1 - 0% - 50%
2 - 0% - 50%
PK3 Defense
1 - 0% - 50%
2 - 0% - 50%
44 Forward
1 - 0% - 50% - 0:00
2 - 100% - 50% - 0:19
44 Defense
1 - 0% - 50% - 0:00
2 - 100% - 50% - 0:19
Last Minute Offensive  - 0:00
Last Minute Defensive  - 0:00
Total
Forward - 60:00
Defense - 60:00

% Time on Ice - Blackhawks

Lines # - Real PCT - Wanted PCT - Time Play
Normal Forward
1 - 24% - 25% - 9:36
2 - 26% - 25% - 10:31
3 - 27% - 25% - 10:42
4 - 23% - 25% - 9:06
Normal Defense
1 - 29% - 30% - 11:44
2 - 30% - 30% - 12:08
3 - 35% - 30% - 13:53
4 - 5% - 10% - 2:10
PP Forward
1 - 48% - 50% - 4:31
2 - 52% - 50% - 4:54
PP Defense
1 - 51% - 50% - 4:46
2 - 49% - 50% - 4:39
PK Forward
1 - 49% - 50% - 5:05
2 - 51% - 50% - 5:16
PK Defense
1 - 49% - 50% - 5:04
2 - 51% - 50% - 5:17
PK3 Forward
1 - 0% - 50%
2 - 0% - 50%
PK3 Defense
1 - 0% - 50%
2 - 0% - 50%
44 Forward
1 - 0% - 50% - 0:00
2 - 100% - 50% - 0:19
44 Defense
1 - 100% - 50% - 0:19
2 - 0% - 50% - 0:00
Last Minute Offensive  - 0:00
Last Minute Defensive  - 0:00
Total
Forward - 60:00
Defense - 60:00

Play by Play

1st period


0:01 of 1st period - Sean Couturier wins face-off versus David Backes in neutral zone.
0:18 of 1st period - Snap shot by Sean Couturier.
0:18 of 1st period - Stopped by Anton Khudobin without a rebound.
0:19 of 1st period - David Backes wins face-off versus Sean Couturier in Blackhawks zone.
0:38 of 1st period - Wrist shot by Curtis Glencross.
0:38 of 1st period - Stopped by Frederik Andersen without a rebound.
0:39 of 1st period - Steve Ott wins face-off versus Andrew Shaw in Blues zone.
0:39 of 1st period - Steve Ott is hit by Dustin Byfuglien.
0:49 of 1st period - Snap shot by Steve Ott.
0:49 of 1st period - Shot Misses the Net.
0:51 of 1st period - Snap shot by Kevan Miller.
0:51 of 1st period - Stopped by Anton Khudobin without a rebound.
0:52 of 1st period - Steve Ott wins face-off versus Andrew Shaw in Blackhawks zone.
0:58 of 1st period - Minor Penalty to Dustin Byfuglien for Hooking.
0:59 of 1st period - Sean Couturier wins face-off versus Ryan Callahan in Blackhawks zone.
1:29 of 1st period - Slapshot by Jeff Carter.
1:29 of 1st period - Deflect By Jaromir Jagr.
1:29 of 1st period - Shot Blocked by Zdeno Chara.
1:29 of 1st period - Puck is out of play.
1:30 of 1st period - Brooks Laich wins face-off versus Anders Lee in Blues zone.
1:41 of 1st period - Slapshot by Matt Donovan.
1:41 of 1st period - Deflect By Anders Lee.
1:41 of 1st period - Shot Misses the Net.
1:41 of 1st period - Puck is out of play.
1:42 of 1st period - Johan Franzen wins face-off versus Brooks Laich in Blackhawks zone.
2:13 of 1st period - Snap shot by Tomas Tatar.
2:13 of 1st period - Stopped by Anton Khudobin without a rebound.
2:14 of 1st period - Jeff Carter wins face-off versus Sean Couturier in Blackhawks zone.
2:23 of 1st period - Wrist shot by Brandon Saad.
2:23 of 1st period - Stopped by Anton Khudobin without a rebound.
2:24 of 1st period - Jeff Carter wins face-off versus Sean Couturier in Blackhawks zone.
2:24 of 1st period - Jeff Carter is hit by Sean Couturier.
2:58 of 1st period - Penalty to Dustin Byfuglien is over, Dustin Byfuglien is back on ice.
3:17 of 1st period - Dustin Byfuglien is hit by Josh Gorges and loses puck.
4:27 of 1st period - Wrist shot by David Backes.
4:27 of 1st period - Shot Misses the Net.
4:29 of 1st period - Minor Penalty to Bryan Allen for Delaying the game.
4:30 of 1st period - Martin Hanzal wins face-off versus Sean Couturier in Blues zone.
5:57 of 1st period - Slapshot by Torey Krug.
5:57 of 1st period - Deflect By Curtis Glencross.
5:57 of 1st period - Shot Misses the Net.
5:57 of 1st period - Puck is out of play.
5:58 of 1st period - Joe Vitale wins face-off versus Martin Hanzal in Blues zone.
6:29 of 1st period - Penalty to Bryan Allen is over, Bryan Allen is back on ice.
6:45 of 1st period - Cal Clutterbuck is hit by Johan Franzen and loses puck.
6:52 of 1st period - Bryan Allen is hit by Cal Clutterbuck and loses puck.
7:01 of 1st period - Slapshot by Andrew Shaw.
7:01 of 1st period - Stopped by Frederik Andersen with a rebound.
7:09 of 1st period - Slapshot by Cal Clutterbuck.
7:09 of 1st period - Shot Misses the Net.
7:11 of 1st period - Slapshot by Brooks Laich.
7:11 of 1st period - Shot Misses the Net.
7:30 of 1st period - Jan Hejda is hit by Zdeno Chara and loses puck.
7:53 of 1st period - Curtis Glencross is hit by Steve Ott and loses puck.
8:49 of 1st period - Icing by Jaromir Jagr.
8:50 of 1st period - Sean Couturier wins face-off versus Jeff Carter in Blackhawks zone.
10:51 of 1st period - Icing by Bryan Allen.
10:52 of 1st period - Jeff Carter wins face-off versus Sean Couturier in Blues zone.
10:55 of 1st period - Wrist shot by Jaromir Jagr.
10:55 of 1st period - Stopped by Frederik Andersen with a rebound.
11:09 of 1st period - Snap shot by Jaromir Jagr.
11:09 of 1st period - Stopped by Frederik Andersen with a rebound.
11:11 of 1st period - Wrist shot by Jeff Carter.
11:11 of 1st period - Shot Misses the Net.
11:37 of 1st period - Kevan Miller is hit by Michael Del Zotto and loses puck.
11:54 of 1st period - Snap shot by Martin Hanzal.
11:54 of 1st period - Stopped by Frederik Andersen with a rebound.
12:46 of 1st period - Torey Krug is hit by Andrew Desjardins and loses puck.
13:04 of 1st period - Snap shot by Brooks Laich.
13:04 of 1st period - Shot Misses the Net.
13:06 of 1st period - Slapshot by Dustin Byfuglien.
13:06 of 1st period - Deflect By Brooks Laich.
13:06 of 1st period - Shot Misses the Net.
13:06 of 1st period - Puck is out of play.
13:07 of 1st period - Sean Couturier wins face-off versus David Backes in Blues zone.
14:38 of 1st period - Justin Braun is hit by Josh Gorges and loses puck.
14:55 of 1st period - Slapshot by Andrew Shaw.
14:55 of 1st period - Shot Blocked by Josh Gorges.
14:57 of 1st period - Wrist shot by Jan Hejda.
14:57 of 1st period - Stopped by Frederik Andersen with a rebound.
14:59 of 1st period - Wrist shot by Brooks Laich.
14:59 of 1st period - Goal by Brooks Laich - Blues : 0 - Blackhawks : 1.
15:00 of 1st period - Martin Hanzal wins face-off versus Sean Couturier in neutral zone.
16:05 of 1st period - Jeff Carter is hit by Artem Anisimov and loses puck.
16:10 of 1st period - Snap shot by Cam Atkinson.
16:10 of 1st period - Stopped by Anton Khudobin with a rebound.
16:22 of 1st period - Wrist shot by Rick Nash.
16:22 of 1st period - Stopped by Anton Khudobin with a rebound.
16:26 of 1st period - Snap shot by Brandon Saad.
16:26 of 1st period - Stopped by Anton Khudobin without a rebound.
16:27 of 1st period - Steve Ott wins face-off versus Andrew Shaw in Blackhawks zone.
16:30 of 1st period - Slapshot by Brandon Saad.
16:30 of 1st period - Shot Blocked by Brooks Laich.
16:41 of 1st period - Minor Penalty to Zdeno Chara for Holding.
16:42 of 1st period - Martin Hanzal wins face-off versus Brandon Saad in Blues zone.
17:30 of 1st period - Justin Braun is hit by Brandon Saad and loses puck.
18:13 of 1st period - Sean Couturier is hit by Curtis Glencross and loses puck.
18:41 of 1st period - Penalty to Zdeno Chara is over, Zdeno Chara is back on ice.
18:42 of 1st period - Zdeno Chara is hit by David Backes.
19:10 of 1st period - Snap shot by Brooks Laich.
19:10 of 1st period - Shot Blocked by Bryan Allen.
19:26 of 1st period - Snap shot by Tomas Tatar.
19:26 of 1st period - Shot Misses the Net.
19:32 of 1st period - Snap shot by Andrew Desjardins.
19:32 of 1st period - Shot Blocked by Andrew Shaw.
19:41 of 1st period - Slapshot by Mark Fayne.
19:41 of 1st period - Deflect By Anders Lee.
19:41 of 1st period - Stopped by Anton Khudobin without a rebound.
19:42 of 1st period - Martin Hanzal wins face-off versus Steve Ott in Blackhawks zone.
19:44 of 1st period - Minor Penalty to Martin Hanzal for Hooking.
19:45 of 1st period - Jeff Carter wins face-off versus Sean Couturier in Blackhawks zone.
19:53 of 1st period - Brandon Saad is hit by Justin Braun and loses puck.
19:58 of 1st period - Wrist shot by Jaromir Jagr.
19:58 of 1st period - Shot Misses the Net.
Goals for this period are 0 for Blues vs 1 for Blackhawks.
Shots for this period are 8 for Blues vs 7 for Blackhawks.

2nd period


0:01 of 2nd period - Anders Lee wins face-off versus Brooks Laich in neutral zone.
0:04 of 2nd period - Wrist shot by Tomas Tatar.
0:04 of 2nd period - Shot Misses the Net.
0:06 of 2nd period - Snap shot by Tomas Tatar.
0:06 of 2nd period - Shot Misses the Net.
0:08 of 2nd period - Slapshot by Matt Donovan.
0:08 of 2nd period - Shot Misses the Net.
0:10 of 2nd period - Slapshot by Hampus Lindholm.
0:10 of 2nd period - Shot Misses the Net.
0:12 of 2nd period - Snap shot by Hampus Lindholm.
0:12 of 2nd period - Shot Misses the Net.
0:52 of 2nd period - Michael Del Zotto is hit by Rick Nash and loses puck.
1:05 of 2nd period - Slapshot by Rick Nash.
1:05 of 2nd period - Stopped by Anton Khudobin with a rebound.
1:13 of 2nd period - Snap shot by Brandon Saad.
1:13 of 2nd period - Shot Blocked by Michael Del Zotto.
1:15 of 2nd period - Wrist shot by Brandon Saad.
1:15 of 2nd period - Stopped by Anton Khudobin without a rebound.
1:16 of 2nd period - Anders Lee wins face-off versus Jeff Carter in Blackhawks zone.
1:44 of 2nd period - Penalty to Martin Hanzal is over, Martin Hanzal is back on ice.
1:53 of 2nd period - Snap shot by Brandon Saad.
1:53 of 2nd period - Shot Blocked by Jordie Benn.
1:55 of 2nd period - Slapshot by Josh Gorges.
1:55 of 2nd period - Stopped by Anton Khudobin with a rebound.
1:57 of 2nd period - Slapshot by Sean Couturier.
1:57 of 2nd period - Deflect By Torey Krug.
1:57 of 2nd period - Stopped by Anton Khudobin without a rebound.
1:58 of 2nd period - David Backes wins face-off versus Sean Couturier in Blackhawks zone.
2:05 of 2nd period - Snap shot by Sean Couturier.
2:05 of 2nd period - Stopped by Anton Khudobin with a rebound.
2:17 of 2nd period - Wrist shot by Cam Atkinson.
2:17 of 2nd period - Shot Misses the Net.
2:19 of 2nd period - Wrist shot by Cam Atkinson.
2:19 of 2nd period - Stopped by Anton Khudobin with a rebound.
2:30 of 2nd period - Minor Penalty to Dustin Byfuglien for Hooking.
2:31 of 2nd period - Brooks Laich wins face-off versus Anders Lee in Blackhawks zone.
2:59 of 2nd period - Slapshot by Johan Franzen.
2:59 of 2nd period - Stopped by Anton Khudobin with a rebound.
3:01 of 2nd period - Wrist shot by Anders Lee.
3:01 of 2nd period - Goal by Anders Lee - Blues : 1 - Blackhawks : 1.
3:02 of 2nd period - Jeff Carter wins face-off versus Rick Nash in neutral zone.
3:05 of 2nd period - Kevan Miller is hit by Tyler Toffoli and loses puck.
4:00 of 2nd period - Bryan Allen is hit by Martin Hanzal and loses puck.
4:37 of 2nd period - Snap shot by Curtis Glencross.
4:37 of 2nd period - Stopped by Frederik Andersen without a rebound.
4:38 of 2nd period - Joe Vitale wins face-off versus David Backes in Blues zone.
4:55 of 2nd period - Snap shot by Cam Atkinson.
4:55 of 2nd period - Stopped by Anton Khudobin without a rebound.
4:56 of 2nd period - Andrew Shaw wins face-off versus Joe Vitale in Blackhawks zone.
5:08 of 2nd period - Slapshot by Andrew Shaw.
5:08 of 2nd period - Shot Misses the Net.
6:04 of 2nd period - Wrist shot by Steve Ott.
6:04 of 2nd period - Deflect By Brandon Saad.
6:04 of 2nd period - Stopped by Anton Khudobin with a rebound.
6:20 of 2nd period - Ryan Callahan is hit by Tomas Tatar and loses puck.
7:19 of 2nd period - Minor Penalty to Martin Hanzal for Delaying the game.
7:20 of 2nd period - Jaromir Jagr wins face-off versus Sean Couturier in Blackhawks zone.
7:20 of 2nd period - Jaromir Jagr is hit by Rick Nash.
7:32 of 2nd period - Wrist shot by Brandon Saad.
7:32 of 2nd period - Stopped by Anton Khudobin with a rebound.
9:10 of 2nd period - Jordie Benn is hit by Zdeno Chara and loses puck.
9:19 of 2nd period - Penalty to Martin Hanzal is over, Martin Hanzal is back on ice.
9:33 of 2nd period - Snap shot by Curtis Glencross.
9:33 of 2nd period - Shot Misses the Net.
9:35 of 2nd period - Wrist shot by David Backes.
9:35 of 2nd period - Shot Misses the Net.
9:37 of 2nd period - Slapshot by Jan Hejda.
9:37 of 2nd period - Shot Misses the Net.
9:45 of 2nd period - Wrist shot by David Backes.
9:45 of 2nd period - Stopped by Frederik Andersen without a rebound.
9:46 of 2nd period - Andrew Shaw wins face-off versus Joe Vitale in Blues zone.
10:11 of 2nd period - Wrist shot by Cam Atkinson.
10:11 of 2nd period - Shot Misses the Net.
10:13 of 2nd period - Snap shot by Matt Donovan.
10:13 of 2nd period - Stopped by Anton Khudobin without a rebound.
10:14 of 2nd period - David Backes wins face-off versus Andrew Desjardins in Blackhawks zone.
10:23 of 2nd period - Snap shot by Tomas Tatar.
10:23 of 2nd period - Shot Misses the Net.
10:36 of 2nd period - Off-side.
10:37 of 2nd period - Jeff Carter wins face-off versus Joe Vitale in neutral zone.
11:11 of 2nd period - Cam Atkinson is hit by Jeff Carter and loses puck.
11:22 of 2nd period - Snap shot by PA Parenteau.
11:22 of 2nd period - Stopped by Frederik Andersen without a rebound.
11:23 of 2nd period - David Backes wins face-off versus Steve Ott in Blues zone.
11:34 of 2nd period - Snap shot by David Backes.
11:34 of 2nd period - Stopped by Frederik Andersen without a rebound.
11:35 of 2nd period - David Backes wins face-off versus Steve Ott in Blues zone.
11:36 of 2nd period - Slapshot by PA Parenteau.
11:36 of 2nd period - Shot Misses the Net.
12:08 of 2nd period - Wrist shot by PA Parenteau.
12:08 of 2nd period - Stopped by Frederik Andersen with a rebound.
12:10 of 2nd period - Snap shot by Michael Del Zotto.
12:10 of 2nd period - Shot Misses the Net.
13:18 of 2nd period - Matt Donovan is hit by Dustin Byfuglien and loses puck.
13:29 of 2nd period - Snap shot by Artem Anisimov.
13:29 of 2nd period - Stopped by Anton Khudobin without a rebound.
13:30 of 2nd period - Andrew Desjardins wins face-off versus Cal Clutterbuck in Blackhawks zone.
13:31 of 2nd period - Slapshot by Tomas Tatar.
13:31 of 2nd period - Shot Misses the Net.
13:41 of 2nd period - Snap shot by Torey Krug.
13:41 of 2nd period - Shot Misses the Net.
13:43 of 2nd period - Slapshot by Brooks Laich.
13:43 of 2nd period - Shot Misses the Net.
14:41 of 2nd period - Wrist shot by Artem Anisimov.
14:41 of 2nd period - Stopped by Anton Khudobin without a rebound.
14:42 of 2nd period - Joe Vitale wins face-off versus Jeff Carter in Blackhawks zone.
15:11 of 2nd period - Slapshot by Jaromir Jagr.
15:11 of 2nd period - Stopped by Frederik Andersen without a rebound.
15:12 of 2nd period - Sean Couturier wins face-off versus Martin Hanzal in Blues zone.
15:49 of 2nd period - Sean Couturier is hit by Brock Nelson and loses puck.
16:22 of 2nd period - Minor Penalty to Brooks Laich for Tripping.
16:23 of 2nd period - Jeff Carter wins face-off versus Sean Couturier in Blackhawks zone.
16:23 of 2nd period - Jeff Carter is hit by Matt Donovan.
16:40 of 2nd period - Slapshot by Hampus Lindholm.
16:40 of 2nd period - Shot Misses the Net.
16:42 of 2nd period - Slapshot by Sean Couturier.
16:42 of 2nd period - Shot Misses the Net.
16:44 of 2nd period - Slapshot by Hampus Lindholm.
16:44 of 2nd period - Shot Blocked by Jaromir Jagr.
17:21 of 2nd period - Jordie Benn is hit by Sean Couturier and loses puck.
17:50 of 2nd period - Snap shot by Tomas Tatar.
17:50 of 2nd period - Shot Misses the Net.
18:02 of 2nd period - Minor Penalty to Zdeno Chara for Roughing.
18:03 of 2nd period - Johan Franzen wins face-off versus Martin Hanzal in Blues zone.
18:22 of 2nd period - Penalty to Brooks Laich is over, Brooks Laich is back on ice.
Goals for this period are 1 for Blues vs 0 for Blackhawks.
Shots for this period are 14 for Blues vs 6 for Blackhawks.

3rd period


0:01 of 3rd period - Martin Hanzal wins face-off versus Joe Vitale in neutral zone.
0:02 of 3rd period - Penalty to Zdeno Chara is over, Zdeno Chara is back on ice.
0:09 of 3rd period - Slapshot by Dustin Byfuglien.
0:09 of 3rd period - Stopped by Frederik Andersen without a rebound.
0:10 of 3rd period - Martin Hanzal wins face-off versus Joe Vitale in Blues zone.
0:15 of 3rd period - Wrist shot by Ryan Callahan.
0:15 of 3rd period - Deflect By Curtis Glencross.
0:15 of 3rd period - Stopped by Frederik Andersen without a rebound.
0:16 of 3rd period - Joe Vitale wins face-off versus Martin Hanzal in Blues zone.
0:30 of 3rd period - Snap shot by Ryan Callahan.
0:30 of 3rd period - Deflect By Martin Hanzal.
0:30 of 3rd period - Stopped by Frederik Andersen with a rebound.
0:32 of 3rd period - Slapshot by Dustin Byfuglien.
0:32 of 3rd period - Shot Misses the Net.
0:34 of 3rd period - Slapshot by Dustin Byfuglien.
0:34 of 3rd period - Shot Blocked by Zdeno Chara.
0:36 of 3rd period - Wrist shot by Martin Hanzal.
0:36 of 3rd period - Stopped by Frederik Andersen without a rebound.
0:37 of 3rd period - Steve Ott wins face-off versus Jeff Carter in Blues zone.
1:32 of 3rd period - Snap shot by Johan Franzen.
1:32 of 3rd period - Shot Misses the Net.
1:34 of 3rd period - Slapshot by Josh Gorges.
1:34 of 3rd period - Deflect By Sean Couturier.
1:34 of 3rd period - Stopped by Anton Khudobin with a rebound.
1:36 of 3rd period - Wrist shot by Tomas Tatar.
1:36 of 3rd period - Shot Misses the Net.
1:38 of 3rd period - Slapshot by Josh Gorges.
1:38 of 3rd period - Shot Blocked by Tyler Toffoli.
1:40 of 3rd period - Snap shot by Josh Gorges.
1:40 of 3rd period - Shot Misses the Net.
1:42 of 3rd period - Snap shot by Sean Couturier.
1:42 of 3rd period - Shot Blocked by Torey Krug.
1:44 of 3rd period - Slapshot by Kevan Miller.
1:44 of 3rd period - Stopped by Anton Khudobin without a rebound.
1:45 of 3rd period - Martin Hanzal wins face-off versus Joe Vitale in Blackhawks zone.
1:54 of 3rd period - Brock Nelson is hit by Josh Gorges and loses puck.
2:15 of 3rd period - Snap shot by Joe Vitale.
2:15 of 3rd period - Stopped by Anton Khudobin with a rebound.
2:17 of 3rd period - Slapshot by Artem Anisimov.
2:17 of 3rd period - Shot Misses the Net.
2:19 of 3rd period - Slapshot by Josh Gorges.
2:19 of 3rd period - Deflect By Artem Anisimov.
2:19 of 3rd period - Deflect By Dustin Byfuglien.
2:19 of 3rd period - Stopped by Anton Khudobin without a rebound.
2:20 of 3rd period - Johan Franzen wins face-off versus Andrew Shaw in Blackhawks zone.
3:12 of 3rd period - Snap shot by Curtis Glencross.
3:12 of 3rd period - Shot Misses the Net.
3:14 of 3rd period - Wrist shot by Curtis Glencross.
3:14 of 3rd period - Shot Misses the Net.
3:34 of 3rd period - Slapshot by David Backes.
3:34 of 3rd period - Stopped by Frederik Andersen without a rebound.
3:35 of 3rd period - Joe Vitale wins face-off versus Martin Hanzal in Blues zone.
3:35 of 3rd period - Joe Vitale is hit by Ryan Callahan.
3:41 of 3rd period - Martin Hanzal is hit by Kevan Miller and loses puck.
5:16 of 3rd period - Jan Hejda is hit by Steve Ott.
5:24 of 3rd period - Snap shot by Justin Braun.
5:24 of 3rd period - Shot Blocked by Steve Ott.
5:43 of 3rd period - Snap shot by Johan Franzen.
5:43 of 3rd period - Shot Misses the Net.
6:22 of 3rd period - Minor Penalty to PA Parenteau for High sticking.
6:23 of 3rd period - Jeff Carter wins face-off versus Sean Couturier in Blackhawks zone.
6:36 of 3rd period - Snap shot by Brandon Saad.
6:36 of 3rd period - Goal by Brandon Saad - Blues : 2 - Blackhawks : 1.
6:37 of 3rd period - Steve Ott wins face-off versus Martin Hanzal in neutral zone.
6:42 of 3rd period - Martin Hanzal is hit by Kevan Miller and loses puck.
6:51 of 3rd period - Snap shot by Jan Hejda.
6:51 of 3rd period - Deflect By Martin Hanzal.
6:51 of 3rd period - Deflect By Josh Gorges.
6:51 of 3rd period - Shot Misses the Net.
6:51 of 3rd period - Puck is out of play.
6:52 of 3rd period - Steve Ott wins face-off versus Martin Hanzal in Blues zone.
7:07 of 3rd period - Snap shot by Brandon Saad.
7:07 of 3rd period - Deflect By Rick Nash.
7:07 of 3rd period - Stopped by Anton Khudobin with a rebound.
7:09 of 3rd period - Minor Penalty to Justin Braun for Roughing.
7:10 of 3rd period - Anders Lee wins face-off versus Brooks Laich in Blackhawks zone.
7:21 of 3rd period - Snap shot by Tomas Tatar.
7:21 of 3rd period - Deflect By Jan Hejda.
7:21 of 3rd period - Shot Misses the Net.
7:21 of 3rd period - Puck is out of play.
7:22 of 3rd period - Brooks Laich wins face-off versus Anders Lee in Blackhawks zone.
7:36 of 3rd period - Hampus Lindholm is hit by Jeff Carter and loses puck.
7:52 of 3rd period - Slapshot by Hampus Lindholm.
7:52 of 3rd period - Stopped by Anton Khudobin without a rebound.
7:53 of 3rd period - Sean Couturier wins face-off versus Brooks Laich in Blackhawks zone.
8:00 of 3rd period - Snap shot by Sean Couturier.
8:00 of 3rd period - Stopped by Anton Khudobin with a rebound.
8:02 of 3rd period - Slapshot by Zdeno Chara.
8:02 of 3rd period - Stopped by Anton Khudobin without a rebound.
8:03 of 3rd period - Brooks Laich wins face-off versus Rick Nash in Blackhawks zone.
8:14 of 3rd period - Slapshot by Torey Krug.
8:14 of 3rd period - Deflect By Ryan Callahan.
8:14 of 3rd period - Shot Misses the Net.
8:14 of 3rd period - Puck is out of play.
8:15 of 3rd period - Jeff Carter wins face-off versus Anders Lee in Blues zone.
8:52 of 3rd period - Wrist shot by Johan Franzen.
8:52 of 3rd period - Stopped by Anton Khudobin with a rebound.
9:09 of 3rd period - Penalty to Justin Braun is over, Justin Braun is back on ice.
9:19 of 3rd period - Torey Krug is hit by Hampus Lindholm.
9:36 of 3rd period - Jeff Carter is hit by Sean Couturier and loses puck.
10:48 of 3rd period - Josh Gorges is hit by Dustin Byfuglien.
11:08 of 3rd period - Josh Gorges is hit by Brock Nelson and loses puck.
11:21 of 3rd period - Wrist shot by Steve Ott.
11:21 of 3rd period - Shot Misses the Net.
12:28 of 3rd period - Rick Nash is hit by Torey Krug and loses puck.
12:57 of 3rd period - Slapshot by Tomas Tatar.
12:57 of 3rd period - Shot Blocked by Jan Hejda.
13:12 of 3rd period - Jeff Carter is hit by Anders Lee and loses puck.
14:01 of 3rd period - Wrist shot by Artem Anisimov.
14:01 of 3rd period - Deflect By Cam Atkinson.
14:01 of 3rd period - Shot Misses the Net.
14:01 of 3rd period - Puck is out of play.
14:02 of 3rd period - Joe Vitale wins face-off versus Andrew Shaw in Blackhawks zone.
14:14 of 3rd period - Slapshot by Torey Krug.
14:14 of 3rd period - Shot Blocked by Matt Donovan.
14:16 of 3rd period - Snap shot by Cal Clutterbuck.
14:16 of 3rd period - Stopped by Frederik Andersen with a rebound.
14:39 of 3rd period - Icing by Jordie Benn.
14:40 of 3rd period - Sean Couturier wins face-off versus Martin Hanzal in Blackhawks zone.
14:52 of 3rd period - Josh Gorges is hit by Ryan Callahan and loses puck.
15:29 of 3rd period - Jordie Benn is hit by Steve Ott and loses puck.
15:46 of 3rd period - Wrist shot by Cam Atkinson.
15:46 of 3rd period - Shot Misses the Net.
15:48 of 3rd period - Snap shot by Joe Vitale.
15:48 of 3rd period - Shot Misses the Net.
15:50 of 3rd period - Snap shot by Josh Gorges.
15:50 of 3rd period - Deflect By Artem Anisimov.
15:50 of 3rd period - Shot Misses the Net.
15:50 of 3rd period - Puck is out of play.
15:51 of 3rd period - Joe Vitale wins face-off versus Jaromir Jagr in Blackhawks zone.
16:11 of 3rd period - Minor Penalty to Johan Franzen for Tripping.
16:12 of 3rd period - David Backes wins face-off versus Joe Vitale in Blues zone.
16:34 of 3rd period - Snap shot by Jeff Carter.
16:34 of 3rd period - Shot Blocked by Brandon Saad.
17:06 of 3rd period - Andrew Desjardins is hit by Michael Del Zotto and loses puck.
17:42 of 3rd period - Zdeno Chara is hit by Jeff Carter and loses puck.
18:11 of 3rd period - Penalty to Johan Franzen is over, Johan Franzen is back on ice.
18:11 of 3rd period - Minor Penalty to Bryan Allen for Hooking.
18:12 of 3rd period - Martin Hanzal wins face-off versus Joe Vitale in Blues zone.
18:13 of 3rd period - Backhand shot by Ryan Callahan.
18:13 of 3rd period - Shot Blocked by Josh Gorges.
18:27 of 3rd period - Josh Gorges is hit by Martin Hanzal.
18:52 of 3rd period - Johan Franzen is hit by Michael Del Zotto and loses puck.
19:07 of 3rd period - Blackhawks, Anton Khudobin is pulled from the net.
19:13 of 3rd period - Slapshot by Ryan Callahan.
19:13 of 3rd period - Stopped by Frederik Andersen with a rebound.
19:24 of 3rd period - Off-side.
19:25 of 3rd period - Dave Tippett call a timeout for Blackhawks.
19:25 of 3rd period - David Backes wins face-off versus Joe Vitale in neutral zone.
19:38 of 3rd period - Snap shot by Jaromir Jagr.
19:38 of 3rd period - Shot Blocked by Zdeno Chara.
Goals for this period are 1 for Blues vs 0 for Blackhawks.
Shots for this period are 10 for Blues vs 7 for Blackhawks.


Output by the SimonT Hockey Simulator (STHS) for Eric Dolegowski -- Original Page W3C XHTML 1.0 Valid
Hockey Simulator - Hockey Simulation - Hockey Manager